 Dungeon Crawl Stone Soup version 0.31-a0-1555-g5715333c33 (webtiles) character file.

Game seed: 738777794780737443

1572005 RepoMan the Pyromancer (level 26, 154/154 HPs)
             Began as a Felid Fire Elementalist on Jan 3, 2024.
             Was the Champion of Vehumet.
             Escaped with the Orb
             ... and 3 runes!
             The game lasted 10:49:14 (78819 turns).

RepoMan the Pyromancer (Felid Fire Elementalist)   Turns: 78819, Time: 10:49:15

Health: 154/154    AC:  3    Str:  4    XL:     26   Next: 41%
Magic:  18/40      EV: 41    Int: 29    God:    Vehumet [******]
Gold:   4083       SH:  0    Dex: 22    Spells: 2/58 levels left
                                        Lives:  2   Deaths: 2

rFire   + + .        (weapon unavailable)
rCold   + . .        (shield unavailable)
rNeg    . . .        (body armour unavailable)
rPois   +            (helmet unavailable)
rElec   +            (cloak unavailable)
rCorr   .            (gloves unavailable)
SInv    +            (boots unavailable)
Will    ++++.        J - amulet of magic regeneration
Stlth   ++           W - ring "Samnafic" {rElec rF+}
HPRegen 0.45/turn    u - ring "Iqicik" {+Blink rPois rF+ Dex+3}
MPRegen 0.67/turn

%: no passive effects
@: mighty, enlightened, flying, studying Invocations
A: very small, claws 1, fangs 3, see invisible, shaggy fur 3, stealthy paws, no
weapons or thrown items, no armour, multi-lived, deterioration 1, low MP 1,
mutation resistance 1, teleportitis 1
0: Orb of Zot
}: 3/15 runes: barnacled, slimy, gossamer
a: Renounce Religion, Evoke Blink


You escaped.
You worshipped Vehumet.
Vehumet was exalted by your worship.
You visited 12 branches of the dungeon, and saw 55 of its levels.
You visited 1 ziggurat, and saw 3 of its levels.
You also visited: Gauntlet, Wizlab and Desolation.

You collected 8974 gold pieces.
You spent 4891 gold pieces at shops.

Inventory:

Jewellery
 a - a ring of wizardry
 o - a ring of protection from cold
 q - a ring of fire
 u - the ring "Iqicik" (right paw) {+Blink rPois rF+ Dex+3}
   (You took it off a deep elf death mage on level 3 of the Elven Halls)

   [ring of protection from fire]

   Dex+3:     It affects your dexterity (+3).
   rF+:       It protects you from fire.
   rPois:     It protects you from poison +Blink: It lets you blink.
 y - the ring "Bazog" {rF++ rN+ Will- EV+5 Str+4}
   (You found it on level 4 of the Lair of Beasts)

   [ring of evasion]

   EV+5:      It affects your evasion (+5).
   Str+4:     It affects your strength (+4).
   rF++:      It greatly protects you from fire.
   rN+:       It protects you from negative energy.
   Will-:     It decreases your willpower.
 J - an amulet of magic regeneration (around neck)
 N - the brooch of Shielding {Spirit SH+8}
   (You took it off a deep elf demonologist on level 3 of the Elven Halls)

   [amulet of guardian spirit]

   Spirit:    It causes incoming damage to be divided between your reserves of
   health and magic.
   SH+8:      It affects your SH (+8).
 O - a ring of fire
 P - the ring of Aloxzic {rN+ Str+3 Stlth+}
   (You found it on level 3 of the Crypt)

   [ring of positive energy]

   Str+3:     It affects your strength (+3).
   rN+:       It protects you from negative energy.
   Stlth+:    It makes you more stealthy.
 S - the ring "Xextyabue" {rN+ Will+ rCorr Slay+2}
   (You found it on level 3 of the Crypt)

   [ring of positive energy]

   Slay+2:    It affects your accuracy & damage with ranged weapons and melee
   (+2).
   rN+:       It protects you from negative energy.
   Will+:     It increases your willpower.
   rCorr:     It protects you from acid and corrosion.
 T - an amulet of regeneration
 U - a ring of flight
 W - the ring "Samnafic" (left paw) {rElec rF+}
   (You took it off a deep elf pyromancer on level 14 of the Dungeon)

   [ring of protection from fire]

   rF+:       It protects you from fire.
   rElec:     It insulates you from electricity.
 Z - the ring "Itycaina" {rPois rN+ Will+ rCorr Str-3}
   (You found it on level 3 of the Crypt)

   [ring of positive energy]

   Str-3:     It affects your strength (-3).
   rPois:     It protects you from poison rN+: It protects you from negative
   energy.
   Will+:     It increases your willpower.
   rCorr:     It protects you from acid and corrosion.
Talismans
 V - the serpent talisman of Immorality {rC+}
   (You took it off Aizul on level 2 of the Spider Nest)

   [serpent talisman]

   rC+:       It protects you from cold.
Wands
 f - a wand of acid (3)
 v - a wand of flame (106)
 H - a wand of mindburst (34)
 I - a wand of iceblast (23)
 L - a wand of polymorph (24)
 R - a wand of charming (28)
 X - a wand of digging (6)
Scrolls
 b - 4 scrolls of teleportation
 d - 6 scrolls of poison
 g - 6 scrolls of amnesia
 h - 7 scrolls of silence
 k - 10 scrolls of fog
 n - 12 scrolls of vulnerability
 p - 9 scrolls of noise
 A - 10 scrolls of immolation
 E - 6 scrolls of fear
 F - 3 scrolls of revelation
Potions
 j - 13 potions of curing
 m - 6 potions of lignification
 t - 11 potions of berserk rage
 w - 13 potions of might
 x - 6 potions of enlightenment
 z - 5 potions of attraction
 G - 4 potions of cancellation
Miscellaneous
 c - a sack of spiders (inert)
 B - a tin of tremorstones (2/2)
 C - a phial of floods
 M - a lightning rod (4/4)
 Q - a phantom mirror (inert)


   Skills:
 + Level 20.7 Fighting
 - Level 23.3 Dodging
 - Level 9.9 Stealth
 - Level 16.6 Spellcasting
 + Level 20.2 Conjurations
 - Level 3.3 Hexes
 - Level 6.6 Translocations
 + Level 25.6 Fire Magic
 - Level 4.4 Air Magic
 + Level 9.3 Evocations


You had 2 spell levels left.
You knew the following spells:

 Your Spells              Type           Power      Damage    Failure   Level
b - Blink                 Tloc           100%       N/A       1%          2
c - Plasma Beam           Fire/Air       42%        2x1d56    1%          6
e - Fireball              Conj/Fire      51%        3d20      0%          5
f - Foxfire               Conj/Fire      100%       2x1d9     0%          1
g - Apportation           Tloc           100%       N/A       1%          1
m - Iskenderun's Mystic   Conj/Tloc      80%        2d16      1%          4
o - Iskenderun's Battles  Conj           96%        2d14      0%          5
p - Ignite Poison         Fire/Alch      78%        N/A       1%          4
q - Magic Dart            Conj           100%       1d8       0%          1
r - Scorch                Fire           100%       2d9       0%          2
v - Vhi's Electric Charg  Tloc/Air       100%       N/A       1%          4
F - Fire Storm            Conj/Fire      51%        8d13      4%          9
G - Summon Blazeheart Go  Fire/Summ      78%        N/A       1%          4
I - Ignition              Fire           53%        3d15      1%          8

Your spell library contained the following spells:

 Spells                   Type           Power      Damage    Failure   Level
 Shock                    Conj/Air       100%       1d9       0%          1
 Momentum Strike          Conj/Tloc      100%       3d10      0%          2
 Searing Ray              Conj           100%       2d8       0%          2
 Freeze                   Ice            96%        1d10      1%          1
 Kiss of Death            Conj/Necr      100%       2d13      1%          1
 Necrotise                Necr           96%        1d8       1%          1
 Sting                    Conj/Alch      100%       1d9       1%          1
 Summon Small Mammal      Summ           96%        N/A       1%          1
 Cigotuvi's Dreadful Rot  Necr/Alch/Air  64%        N/A       1%          2
 Ensorcelled Hibernation  Hex/Ice        66%        N/A       1%          2
 Lesser Beckoning         Tloc           100%       N/A       1%          2
 Call Imp                 Summ           48%        N/A       3%          2
 Sublimation of Blood     Necr           24%        N/A       3%          2
 Inner Flame              Hex/Fire       83%        N/A       0%          3
 Volatile Blastmotes      Fire/Tloc      100%       2d18      0%          3
 Flame Wave               Conj/Fire      100%       2d21      0%          4
 Starburst                Conj/Fire      51%        6d14      0%          6
 Dazzling Flash           Conj/Hex       100%       N/A       1%          3
 Frozen Ramparts          Ice            48%        1d8       1%          3
 Gell's Gravitas          Tloc           58%        N/A       1%          3
 Hailstorm                Conj/Ice       70%        3d12      1%          3
 Sigil of Binding         Hex            43%        N/A       1%          3
 Swiftness                Air            49%        N/A       1%          3
 Teleport Other           Tloc           58%        N/A       1%          3
 Tukima's Dance           Hex            43%        N/A       1%          3
 Airstrike                Air            24%        2d(4-20)  1%          4
 Brom's Barrelling Bould  Conj/Erth      70%        2d8       1%          4
 Fulminant Prism          Conj/Alch      35%        3d17      1%          4
 Passage of Golubria      Tloc           58%        N/A       1%          4
 Sticky Flame             Fire/Alch      78%        2d12      1%          4
 Arcjolt                  Conj/Air       38%        1d48      1%          5
 Irradiate                Conj/Alch      35%        3d23      1%          5
 Bombard                  Conj/Erth      35%        9d6       1%          6
 Conjure Ball Lightning   Conj/Air       38%        3x3d12    1%          6
 Orb of Destruction       Conj           48%        9d13      1%          7
 Cause Fear               Hex            21%        N/A       4%          4
 Olgreb's Toxic Radiance  Alch           24%        N/A       5%          4
 Call Canine Familiar     Summ           24%        N/A       6%          3
 Fugue of the Fallen      Necr           24%        N/A       6%          3
 Ozocubu's Armour         Ice            24%        N/A       6%          3
 Summon Ice Beast         Ice/Summ       24%        N/A       6%          3
 Yara's Violent Unravell  Hex/Alch       16%        3d8       7%          5
 Summon Lightning Spire   Summ/Air       36%        N/A       8%          4
 Anguish                  Hex/Necr       16%        N/A       10%         4
 Lee's Rapid Deconstruct  Erth           12%        3d8*      14%         5
 Animate Dead             Necr           24%        N/A       19%         4
 Dispel Undead            Necr           24%        3d12      19%         4
 Leda's Liquefaction      Alch/Erth      12%        N/A       19%         4
 Martyr's Knell           Necr/Summ      24%        N/A       19%         4
 Petrify                  Alch/Erth      24%        N/A       19%         4
 Metabolic Englaciation   Hex/Ice        16%        N/A       26%         5
 Summon Mana Viper        Hex/Summ       33%        N/A       26%         5
 Lehudib's Crystal Spear  Conj/Erth      35%        10d9      43%         8
 Chain Lightning          Conj/Air       38%        3d51      94%         9
 Death Channel            Necr           12%        N/A       96%         6
 Sculpt Simulacrum        Ice/Alch       12%        N/A       96%         6
 Summon Cactus Giant      Summ           12%        N/A       96%         6
 Ozocubu's Refrigeration  Ice            12%        4d10      97%         7
 Malign Gateway           Summ/Tloc      21%        N/A       99%         7
 Maxwell's Capacitive Co  Air            24%        ∞         99%         8
 Haunt                    Necr/Summ      12%        N/A       100%        7
 Summon Hydra             Summ           12%        N/A       100%        7
 Borgnjor's Revivificati  Necr           12%        N/A       100%        8
 Infestation              Necr           12%        N/A       100%        8
 Dragon's Call            Summ           12%        N/A       100%        9
 Polar Vortex             Ice            12%        12d1*     100%        9
 Shatter                  Erth           12%        3d13*     100%        9
 Dimensional Bullseye     Hex/Tloc       Unusable   N/A       N/A         4
 Animate Armour           Summ/Erth      Unusable   N/A       N/A         4

Dungeon Overview and Level Annotations

Branches:
Dungeon (15/15)            Temple (1/1) D:5            Lair (5/5) D:9
 Shoals (4/4) Lair:3       Spider (4/4) Lair:3        Slime (5/5) Lair:4
    Orc (2/2) D:9             Elf (3/3) Orc:2        Vaults (4/5) D:14
  Crypt (3/3) Vaults:3     Depths (4/4) D:15            Zot (5/5) Depths:4
 WizLab (visited)         Desolation (visited)      Gauntlet (visited)
   Tomb: Crypt:3

Altars:
Ashenzari
Cheibriados
Dithmenos
Elyvilon
Fedhas
Gozag
Hepliaklqana
Kikubaaqudgha
Makhleb
Nemelex Xobeh
Okawaru
Qazlal
Ru
Sif Muna
Trog
Uskayaw
Vehumet
Wu Jian
Xom
Yredelemnul
Zin
The Shining One
Jiyva
Lugonu

Shops:
D:4 *:=   Orc:2 *:**   Elf:1 **?[*   Elf:2 :   Elf:3 :   Vaults:1 (
Vaults:4 [(=**

Portals:
Hell: Depths:1 Depths:2 Depths:3 Depths:4
Abyss: D:14 Depths:1 Depths:2 Depths:3 Depths:4
Pandemonium: Depths:2

Annotations:
D:5 1 runed translucent door, Crazy Yiuf
D:14 2 transporters, Uzxid's ghost, journeyman MfGl
Spider:1 Roxanne
Elf:2 3 runed translucent doors
Elf:3 8 transporters, Himuck's ghost, adept OpFE
Depths:2 6 runed translucent doors
Zot:3 exclusion: downstairs
Zot:4 3 runed translucent doors, Ryuz's ghost, legendary MeAl


Innate Abilities, Weirdness & Mutations

You have sharp claws.
You have razor-sharp teeth.
You have supernaturally acute eyesight. (SInv)
Your thick and shaggy fur keeps you warm. (AC +3, rC+)
Your paws help you pounce on unaware monsters.
You are incapable of wielding weapons or throwing items.
You cannot wear armour.
You gain extra lives every three experience levels.
Your body sometimes deteriorates upon taking damage.
Your magical capacity is low. (-10% MP)
You are somewhat resistant to further mutation.
You are occasionally teleported next to monsters.


Message History

Press: ? - help, Shift-Dir - straight line You can't see that place. [the floor.]
The rock shatters into small pieces.
An Orb Guardian comes into view.
Casting: Plasma Beam (mildly dangerous; 1% risk of failure)
Confirm with . or Enter, or press ? or * to list all spells.
Aiming: Fire Storm (dangerous; 4% risk of failure)
Press: ? - help, Dir - move target A raging storm of fire appears!
The great blast of fire engulfs the Orb Guardian!!!!
The Orb Guardian is almost dead.
Casting: Fire Storm (dangerous; 4% risk of failure)
Confirm with . or Enter, or press ? or * to list all spells.
Aiming: Fire Storm (dangerous; 4% risk of failure)
Press: ? - help, Dir - move target A raging storm of fire appears!
The great blast of fire engulfs the Orb Guardian!!!
You kill the Orb Guardian!
Vehumet accepts your kill.
You feel your power returning.
You hear a roar!
There is a staircase leading out of the dungeon here.
Casting: Fire Storm (dangerous; 4% risk of failure)
Confirm with . or Enter, or press ? or * to list all spells.
Aiming: Fire Storm (dangerous; 4% risk of failure)
Press: ? - help, Dir - move target A raging storm of fire appears!
Casting: Fire Storm (dangerous; 4% risk of failure)
Confirm with . or Enter, or press ? or * to list all spells.
Aiming: Fire Storm (dangerous; 4% risk of failure)
Press: ? - help, Dir - move target A raging storm of fire appears!
You feel very mighty all of a sudden.
You feel very buoyant.
You fly up into the air.
Casting: Fire Storm (dangerous; 4% risk of failure)
Confirm with . or Enter, or press ? or * to list all spells.
A fiery spirit appears, bound in slag iron.
You have escaped!

.....###########.##########......
.....##..#.............#vv######.
.....##.#...........v..v#v#......
.....###.......#.#.v...v.##......
.....##......#.#.#.#)v....#......
......#.....##.#.#.##..vv.#......
......#.......⌠#.#⌠.vv.(...######
......#..#######.######...#......
...#...§........@....v......#####
...#.##†.#######9###.###..#.#
...#.##.......⌠#.#⌠...[...#.#
...#.##.....##.#.#.##.....#.#####
...#.##......#.#.#.#......#.##...
...#.###.......#v#.......##....##
...#.##.#...............#.#..####
...#.##..#.............#..#......
...#.###########.##########....##


You could see a friendly blazeheart golem (summoned) and 2 friendly fire
vortices.

Vanquished Creatures
  the Royal Jelly (Slime:5)
  Tiamat (Zot:3)
  A dread lich (Crypt:1)
  A seraph (Zot:1)
  2 ancient liches (Zot:5)
  10 orbs of fire (Zot:5)
  A Head Instructor (WizLab)
  4 Killer Klowns (Zot:5)
  2 curse toes
  Nikola (Shoals:2)
  9 golden dragons
  Norris (Depths:1)
  2 bone dragons
  2 electric golems
  2 pandemonium lords
  9 tentacled monstrosities
  5 liches (Crypt:3)
  24 Orb Guardians
  3 krakens
  2 deep elf blademasters (Elf:3)
  6 quicksilver dragons
  2 deep elf master archers (Elf:3)
  17 acid blobs
  2 sphinxes (Vaults:4)
  7 ancient champions
  Polyphemus (Shoals:2)
  7 death cobs
  11 storm dragons
  6 shadow dragons
  A daeva (Zot:1)
  2 tengu reavers
  Aizul (Spider:2)
  Donald (Vaults:1)
  2 revenants
  12 draconian knights
  15 azure jellies
  A protean progenitor (Zot:5)
  4 fire giants
  2 emperor scorpions (Spider:4)
  9 draconian monks
  2 draconian shifters
  6 deep elf sorcerers (Elf:3)
  6 frost giants
  8 rockslimes
  Ilsuiw (Shoals:3)
  Louise (Spider:1)
  13 vault wardens
  4 ghost moths
  7 deep elf elementalists (Elf:3)
  7 draconian scorchers
  21 ironbound preservers
  A balrug (Depths:3)
  2 spriggan defenders (Depths:2)
  4 ghouls (Crypt:2)
  A demonspawn corrupter (Zot:1)
  An orc warlord (Vaults:3)
  An angel (Zot:1)
  2 curse skulls
  10 broodmothers (Spider:4)
  8 draconian annihilators
  7 draconian stormcallers
  2 formless jellyfish
  A demonspawn blood saint (Zig:3)
  A juggernaut skeleton (Crypt:1)
  17 very ugly things
  A reaper (Crypt:3)
  10 ironbound thunderhulks
  16 quicksilver oozes
  4 elemental wellsprings (Shoals:2)
  13 stone giants
  2 vampire knights
  13 green draconians
  3 spark wasps (Depths:1)
  8 black draconians
  4 deep elf demonologists
  15 dire elephants
  3 deep elf annihilators (Elf:3)
  A demonspawn black sun (Zot:1)
  15 white draconians
  3 deep elf death magi (Elf:3)
  A minotaur (Gauntlet)
  9 red draconians
  15 yellow draconians
  7 purple draconians
  4 blizzard demons
  5 merfolk impalers
  2 crystal guardians
  11 eidola
  4 fire dragons
  A green death (Zig:3)
  3 entropy weavers
  8 merfolk javelineers
  10 jiangshi
  5 ettins
  5 deep elf high priests (Elf:3)
  9 yaktaur captains
  9 hydras
  5 vault guards
  2 spriggan zombies (Crypt:2)
  An ice dragon (shapeshifter) (D:15)
  A ragged hierophant (Desolation)
  8 ice dragons
  16 great orbs of eyes
  A fenstrider witch zombie (Crypt:2)
  An entropy weaver (shapeshifter) (Elf:1)
  3 merfolk avatars (Shoals:3)
  5 ogre magi
  3 spriggan air magi
  A salamander tyrant (Depths:3)
  4 peacekeepers
  Erolcha (D:12)
  10 ironbound frosthearts
  3 radroaches
  A jorogumo (shapeshifter) (D:15)
  9 rakshasas (Depths:2)
  A fenstrider witch skeleton (Crypt:3)
  6 boulder beetles
  13 dancing weapons
  4 deep troll shamans
  2 catoblepae
  6 deep troll earth magi
  2 centaur warriors
  An Orb Guardian skeleton (Crypt:1)
  7 death yaks
  6 merfolk aquamancers
  5 satyrs
  17 two-headed ogres
  5 tengu warriors
  6 occultists
  7 demonic crawlers
  7 vampire magi
  A two-headed ogre (shapeshifter) (Vaults:4)
  3 hell hogs (Depths:3)
  5 spriggan berserkers (Depths:2)
  A naga sharpshooter (D:15)
  4 spriggans (Depths:2)
  2 sun demons
  7 soul eaters
  15 hell knights
  9 deep elf knights
  2 fire crabs (D:15)
  7 shadow wraiths
  A sixfirhy (Depths:3)
  4 pharaoh ants
  11 iron trolls
  4 skysharks
  15 skeletal warriors
  A goliath frog (Lair:5)
  A titan skeleton (Crypt:2)
  12 sea snakes
  3 salamander mystics
  5 mana vipers (WizLab)
  A ghost moth zombie (Crypt:3)
  72 deep trolls
  An obsidian statue (Depths:3)
  6 flayed ghosts
  14 orb spiders
  2 sun moths (Spider:4)
  A bog body (Crypt:2)
  A spriggan simulacrum (Crypt:1)
  2 glowing orange brains
  12 ironbound convokers
  14 harpies
  A tengu zombie (Vaults:1)
  16 deep elf zephyrmancers
  9 lindwurms
  8 phantasmal warriors
  8 arcanists
  An orc knight (Orc:2)
  22 deep elf pyromancers
  9 deep elf archers
  10 wolf spider zombies (Spider:2)
  4 steelbarb worms
  9 necromancers
  3 orc sorcerers
  17 wolf spiders
  24 fauns
  5 shining eyes
  A jorogumo skeleton (Crypt:2)
  15 ugly things
  19 moths of wrath
  12 elephants
  11 salamanders
  A tengu skeleton (Depths:2)
  24 manticores
  5 meliai
  A human skeleton (Vaults:3)
  A meliai (shapeshifter) (Elf:1)
  5 cyclopes
  A dire elephant zombie (Crypt:2)
  An alligator skeleton (Crypt:3)
  A centaur zombie (Crypt:1)
  A fire giant skeleton (Depths:2)
  3 rust devils
  An ice statue (Gauntlet)
  19 vault sentinels
  A stone giant skeleton (Vaults:1)
  7 black mambas
  5 water nymphs
  2 eyes of devastation (Slime:4)
  17 merfolk sirens
  2 smoke demons
  2 molten gargoyles (D:15)
  5 gargoyles
  A centaur skeleton (Crypt:3)
  2 elephant slug zombies (Crypt:3)
  2 large abominations (Crypt:2)
  17 cane toads
  A cane toad (shapeshifter) (D:14)
  A red draconian zombie (Crypt:3)
  2 orange demons
  A hellion (Depths:1)
  8 rime drakes
  25 yaktaurs
  4 tormentors
  A yaktaur zombie (Vaults:3)
  A black draconian zombie (Crypt:3)
  11 redback zombies (Spider:2)
  3 kobold demonologists (D:10)
  9 freezing wraiths
  An unseen horror (shapeshifter) (Elf:1)
  4 komodo dragons
  A red devil (Zot:5)
  A harpy zombie (Crypt:1)
  A great orb of eyes zombie (Crypt:1)
  A wind drake (shapeshifter) (Elf:3)
  19 merfolk
  5 tengu conjurers
  A golden dragon simulacrum (Depths:2)
  3 polar bears
  A moth of wrath zombie (Crypt:1)
  A hellwing (Depths:4)
  A troll (shapeshifter) (Elf:3)
  A queen bee (Spider:1)
  4 trolls
  35 tarantellas
  12 wind drakes
  4 hornets (Depths:2)
  A tengu simulacrum (Depths:2)
  9 culicivora zombies
  A raiju (Orc:2)
  25 blink frogs
  An ettin zombie (Crypt:2)
  4 saltlings (Desolation)
  14 snapping turtles
  3 tyrant leeches (Lair:5)
  3 glass eyes
  11 dream sheep
  78 slime creatures
  25 jumping spiders
  22 culicivoras
  3 air elementals
  A shadow (D:10)
  4 tarantella zombies (Spider:2)
  6 wyverns
  A culicivora (shapeshifter) (Vaults:3)
  A fire bat (shapeshifter) (D:14)
  3 vampires (D:11)
  27 water elementals
  2 ynoxinuls (Depths:3)
  4 wraiths
  50 yaks
  8 humans
  A fire bat (Orc:2)
  A yak (shapeshifter) (D:14)
  6 basilisks
  A neqoxec (Depths:3)
  2 wargs (Orc:2)
  8 vampire mosquitoes
  Grum (D:9)
  A human zombie (Vaults:3)
  39 redbacks
  A skyshark zombie (Crypt:1)
  8 golden eyes
  A chaos spawn (Depths:3)
  A hell hound (Orc:2)
  Duvessa (D:7)
  A deep troll skeleton (Crypt:1)
  10 water moccasins
  A glowing shapeshifter skeleton (Vaults:1)
  15 orc warriors
  A naga skeleton (Crypt:1)
  3 ice beasts
  2 sky beasts
  A swamp dragon zombie (Crypt:1)
  A merfolk skeleton (Crypt:3)
  An ettin simulacrum (Vaults:1)
  8 laughing skulls
  2 wolves (D:9)
  4 boggarts
  28 ogres
  A centaur (D:7)
  2 torpor snail zombies (Crypt:2)
  A phantom (D:5)
  An elf simulacrum (Vaults:3)
  7 kobold brigands
  13 bullfrogs
  4 necrophages (Crypt:2)
  2 earth elementals
  4 scorpions
  7 wights
  Dowan (D:7)
  19 killer bees
  A raiju zombie (Crypt:3)
  A raiju skeleton (Crypt:3)
  3 electric eels
  2 howler monkeys (D:7)
  A crimson imp (Zot:5)
  A black bear zombie (Crypt:1)
  A bombardier beetle (D:5)
  2 gnoll boudas
  3 hounds
  4 jellies
  11 orc priests
  3 iguanas
  A sleepcap (D:7)
  A boggart zombie (Crypt:1)
  19 orc wizards
  A killer bee zombie (Crypt:3)
  5 adders
  22 gnolls
  2 shadow imps
  2 white imps (D:7)
  3 ufetubi
  An iguana zombie (Crypt:1)
  2 dart slugs
  65 orcs
  5 endoplasms
  A giant cockroach (D:4)
  6 goblins
  2 hobgoblins (D:4)
  2 jackals (D:2)
  3 quokkas
  4 ball pythons
  8 bats
  2 frilled lizards
  A goblin zombie (Crypt:3)
  25 kobolds
  3 rats
  A rat zombie (Crypt:2)
  7 fire vortices
  2 foxfires
  2 tentacles (Shoals:2)
2198 creatures vanquished.

Vanquished Creatures (collateral kills)
  2 Orb Guardians (Zot:5)
  A deep elf elementalist (Elf:3)
  A draconian shifter (Zot:1)
  2 quicksilver oozes (Depths:3)
  A green draconian (Zot:3)
  4 black draconians
  2 yellow draconians
  A white draconian (Zot:4)
  2 purple draconians
  A hell beast (Zot:1)
  A sea snake (Shoals:1)
  A manticore (Shoals:1)
  A tormentor (Depths:3)
  A troll (D:12)
  A human (Zot:3)
  A naga skeleton (Crypt:3)
23 creatures vanquished.

Vanquished Creatures (others)
  A caustic shrike zombie (Crypt:2)
  A ghost moth (Zot:5)
  A merfolk aquamancer (Shoals:4)
  2 golden dragon zombies (Crypt:2)
  A merfolk (Shoals:4)
  A hellwing (Depths:4)
  A wyvern skeleton (Crypt:2)
  A blazeheart core (Zot:5)
  336 fire vortices
  1058 foxfires
  22 tentacles
1425 creatures vanquished.

Grand Total: 3646 creatures vanquished

Notes
Turn   | Place    | Note
-------+----------+-------------------------------------------
     0 | D:1      | RepoMan the Felid Fire Elementalist began the quest for the
                  | Orb.
     0 | D:1      | Reached XP level 1. HP: 9/9 MP: 4/4
    54 | D:1      | Reached skill level 1 in Conjurations
   523 | D:1      | Reached XP level 2. HP: 13/13 MP: 3/6
   526 | D:1      | Learned a level 2 spell: Scorch
   906 | D:1      | Reached skill level 3 in Fire Magic
  1243 | D:2      | Reached XP level 3. HP: 16/16 MP: 5/7
  1489 | D:2      | Identified the +0 chain mail of Past Mistakes {rF- rC+
                  | Regen+ Int+2}
  1631 | D:2      | Reached XP level 4. HP: 21/21 MP: 3/8
  1631 | D:2      | Gained a life (2 lives remaining)
  1689 | D:2      | Learned a level 3 spell: Inner Flame
  2009 | D:3      | Identified the +9 mace "Elluttil" {drain, +Blink Str+3
                  | Int+2}
  2346 | D:3      | Reached skill level 4 in Fire Magic
  2354 | D:3      | Reached skill level 1 in Hexes
  2598 | D:4      | Reached XP level 5. HP: 25/25 MP: 6/9
  2739 | D:4      | Found Usmoyse's General Store.
  2748 | D:4      | Bought a scroll of noise for 13 gold pieces
  3106 | D:4      | Found Egajiod's Jewellery Boutique.
  3145 | D:4      | Found Usofofeh's Book Emporium.
  3235 | D:4      | Found Goruugyz's Gadget Gallery.
  3548 | D:5      | Entered Level 5 of the Dungeon
  3555 | D:5      | Reached skill level 1 in Fighting
  3694 | D:5      | Noticed a phantom
  3696 | D:5      | Gained mutation: You are covered in thick fur. (AC +2)
                  | [Felid growth]
  3696 | D:5      | Reached XP level 6. HP: 24/30 MP: 1/11
  4038 | D:5      | Learned a level 3 spell: Volatile Blastmotes
  4058 | D:5      | Reached skill level 1 in Translocations
  4058 | D:5      | Reached skill level 5 in Fire Magic
  4110 | D:5      | Found a snail-covered altar of Cheibriados.
  4266 | D:5      | Reached XP level 7. HP: 35/35 MP: 7/12
  4286 | D:5      | Found a staircase to the Ecumenical Temple.
  4291 | Temple   | Entered the Ecumenical Temple
  4302 | Temple   | Became a worshipper of Vehumet
  4559 | D:5      | Identified the +9 short sword of Eces {venom, ^Drain Str+2
                  | Int+3}
  4818 | D:5      | Found a runed translucent door.
  4819 | D:5      | Noticed Crazy Yiuf
  5404 | D:6      | Found an opulent altar of Gozag.
  5407 | D:6      | Found an opulent altar of Gozag.
  5413 | D:6      | Found an opulent altar of Gozag.
  5421 | D:6      | Found an opulent altar of Gozag.
  5444 | D:6      | Reached skill level 6 in Fire Magic
  5834 | D:6      | Reached XP level 8. HP: 40/40 MP: 8/13
  6183 | D:7      | Reached skill level 7 in Fire Magic
  6210 | D:7      | Noticed a komodo dragon
  6289 | D:7      | Noticed a slime creature
  6297 | D:7      | Reached * piety under Vehumet
  6297 | D:7      | Offered knowledge of Sandblast by Vehumet.
  6302 | D:7      | Reached skill level 8 in Fire Magic
  6379 | D:7      | Noticed a troll
  6393 | D:7      | Slain by a troll
  6393 | D:7      | Lost a life (1 life remaining)
  6420 | D:7      | Noticed a troll
  6432 | D:7      | Killed a troll
  6433 | D:7      | Reached skill level 9 in Fire Magic
  6541 | D:7      | Reached XP level 9. HP: 44/44 MP: 8/15
  6541 | D:7      | Gained a life (2 lives remaining)
  6556 | D:7      | Found a blossoming altar of Fedhas.
  6556 | D:7      | Found a hide-covered altar of Uskayaw.
  6566 | D:7      | Identified the +5 sling "Ixzuc" {antimagic, Will- rCorr
                  | Str+3 SInv}
  6705 | D:7      | Found a snail-covered altar of Cheibriados.
  6706 | D:7      | Found a radiant altar of Vehumet.
  6706 | D:7      | Found a shimmering blue altar of Sif Muna.
  6706 | D:7      | Found a stormy altar of Qazlal.
  6746 | D:7      | Killed a troll
  6797 | D:7      | Got the Compilation of the Discharge
  6800 | D:7      | Learned a level 1 spell: Magic Dart
  7128 | D:7      | Noticed a cyclops
  7153 | D:7      | Noticed Duvessa
  7160 | D:7      | Noticed Dowan
  7844 | D:8      | Found a basalt altar of Yredelemnul.
  8481 | D:8      | Learned a level 5 spell: Fireball
  8620 | D:9      | Reached skill level 5 in Dodging
  8711 | D:9      | Reached skill level 10 in Fire Magic
  9303 | D:9      | Reached XP level 10. HP: 51/51 MP: 2/17
  9314 | D:9      | Reached skill level 5 in Stealth
  9537 | D:9      | Found a staircase to the Orcish Mines.
  9616 | D:9      | Found a bloodstained altar of Trog.
  9618 | D:9      | Noticed Grum
  9628 | D:9      | Killed Grum
  9743 | D:9      | Noticed a two-headed ogre
  9769 | D:9      | Reached skill level 5 in Fighting
  9875 | D:9      | Killed a two-headed ogre
 10123 | D:9      | Found a staircase to the Lair.
 10144 | D:9      | Reached skill level 11 in Fire Magic
 10156 | D:9      | Reached skill level 5 in Conjurations
 10245 | D:9      | Offered knowledge of Kiss of Death by Vehumet.
 10519 | D:9      | Found an ancient bone altar of Kikubaaqudgha.
 10527 | D:9      | Found a burning altar of Makhleb.
 10527 | D:9      | Found an iron altar of Okawaru.
 10527 | D:9      | Found a hazy altar of Hepliaklqana.
 10587 | D:10     | Entered Level 10 of the Dungeon
 10639 | D:10     | Found a stormy altar of Qazlal.
 10778 | D:10     | Noticed a deep elf pyromancer
 10833 | D:10     | Noticed a two-headed ogre
 10852 | D:10     | Killed a two-headed ogre
 11124 | D:10     | Reached ** piety under Vehumet
 11149 | D:10     | Reached XP level 11. HP: 56/56 MP: 2/18
 11349 | D:10     | Noticed a two-headed ogre
 11366 | D:10     | Killed a two-headed ogre
 11826 | D:10     | Found a sacrificial altar of Ru.
 12393 | Lair:1   | Entered Level 1 of the Lair of Beasts
 13129 | Lair:1   | Reached skill level 12 in Fire Magic
 13756 | Lair:2   | Offered knowledge of Dazzling Flash by Vehumet.
 13835 | Lair:2   | Found the +16 obsidian axe {drain, demonic, Mesm ^Drain Fly
                  | SInv}
 14771 | Lair:2   | Reached *** piety under Vehumet
 14899 | Lair:2   | Noticed a skyshark
 14947 | Lair:2   | Killed a skyshark
 15418 | Lair:2   | Gained mutation: Your thick and shaggy fur keeps you warm.
                  | (AC +3, rC+) [Felid growth]
 15418 | Lair:2   | Reached XP level 12. HP: 33/63 MP: 11/19
 15476 | Lair:3   | Noticed a four-headed hydra
 15628 | Lair:3   | Killed a four-headed hydra
 15869 | Lair:3   | Noticed a seven-headed hydra
 16075 | Lair:3   | Got the Guide on Dark Congelation
 16093 | Lair:3   | Found a staircase to the Shoals.
 16098 | Lair:3   | Reached skill level 10 in Dodging
 16098 | Lair:3   | Reached skill level 13 in Fire Magic
 16191 | Lair:3   | Noticed a five-headed hydra
 16208 | Lair:3   | Killed a five-headed hydra
 16222 | Lair:3   | Offered knowledge of Frozen Ramparts by Vehumet.
 16242 | Lair:3   | Reached skill level 5 in Spellcasting
 16582 | Lair:3   | Found a hole to the Spider Nest.
 16609 | Lair:3   | Learned a level 4 spell: Flame Wave
 16620 | Lair:3   | Noticed Nessos
 17033 | D:4      | Bought 2 potions of invisibility for 208 gold pieces
 17086 | D:4      | Bought a book of Cantrips for 192 gold pieces
 17137 | D:4      | Bought a potion of berserk rage for 65 gold pieces
 17626 | D:7      | Killed Dowan
 17628 | D:7      | Killed Duvessa
 17896 | Orc:1    | Entered Level 1 of the Orcish Mines
 18045 | Orc:1    | Reached **** piety under Vehumet
 18178 | Orc:1    | Offered knowledge of Ignite Poison by Vehumet.
 18604 | Orc:2    | Entered Level 2 of the Orcish Mines
 18604 | Orc:2    | Found a staircase to the Elven Halls.
 18669 | Orc:2    | Noticed a two-headed ogre
 18673 | Orc:2    | Noticed a two-headed ogre
 18914 | D:4      | Bought a lightning rod (4/4) for 520 gold pieces
 18919 | D:4      | Learned a level 4 spell: Ignite Poison
 19170 | Orc:2    | Reached skill level 1 in Evocations
 19247 | Orc:2    | Reached ***** piety under Vehumet
 19323 | Orc:2    | Noticed a two-headed ogre
 19327 | Orc:2    | Killed a two-headed ogre
 19410 | Orc:2    | Found a shimmering altar of Xom.
 19490 | Orc:2    | Noticed a two-headed ogre
 19490 | Orc:2    | Noticed a two-headed ogre
 19491 | Orc:2    | Noticed a two-headed ogre
 19500 | Orc:2    | Noticed a two-headed ogre
 19500 | Orc:2    | Noticed a two-headed ogre
 19608 | Orc:2    | Killed a two-headed ogre
 19608 | Orc:2    | Killed a two-headed ogre
 19609 | Orc:2    | Reached skill level 14 in Fire Magic
 19609 | Orc:2    | Reached XP level 13. HP: 70/70 MP: 9/23
 20048 | Orc:2    | Offered knowledge of Conjure Ball Lightning by Vehumet.
 20096 | Orc:2    | Found Larag's Book Emporium.
 20096 | Orc:2    | Found Myass's General Store.
 20097 | Orc:2    | Found Noabaodwa's General Store.
 20097 | Orc:2    | Found Monisiar's Assorted Antiques.
 20408 | Orc:2    | Bought a steaming tin ring for 105 gold pieces
 20408 | Orc:2    | Identified the ring of Heck {Int+2 Dex+6 SInv} (You bought
                  | it in a shop on level 2 of the Orcish Mines)
 20409 | Orc:2    | Bought a book of Spatial Translocations for 198 gold pieces
 20412 | Orc:2    | Learned a level 2 spell: Blink
 20416 | Orc:2    | Bought a scroll of fear for 60 gold pieces
 20416 | Orc:2    | Bought a scroll of identify for 30 gold pieces
 20764 | Orc:2    | Bought a silvery potion for 18 gold pieces
 20764 | Orc:2    | Bought a bubbling blue potion for 18 gold pieces
 20764 | Orc:2    | Bought a scroll labelled AMULIO BOOSERCH for 21 gold pieces
 20957 | D:11     | Found a gate leading to a gauntlet.
 20969 | Gauntlet | Entered a Gauntlet
 20969 | Gauntlet | Found a transporter.
 20979 | Gauntlet | Found a transporter.
 20979 | Gauntlet | Found a transporter.
 20981 | Gauntlet | Found a transporter.
 21008 | Gauntlet | Found a transporter.
 21023 | Gauntlet | Found a transporter.
 21027 | Gauntlet | Found a large runed translucent door.
 21027 | Gauntlet | Found a large runed translucent door.
 21028 | Gauntlet | Found a large runed translucent door.
 21028 | Gauntlet | Found a large runed translucent door.
 21028 | Gauntlet | Found a large runed translucent door.
 21029 | Gauntlet | Found a runed translucent door.
 21030 | Gauntlet | Found a transporter.
 21031 | Gauntlet | Found a runed translucent door.
 21032 | Gauntlet | Found a large runed translucent door.
 21032 | Gauntlet | Found a large runed translucent door.
 21032 | Gauntlet | Found a large runed translucent door.
 21033 | Gauntlet | Found a large runed translucent door.
 21034 | Gauntlet | Found a large runed translucent door.
 21041 | Gauntlet | Found a large runed translucent door.
 21041 | Gauntlet | Found a large runed translucent door.
 21042 | Gauntlet | Found a large runed translucent door.
 21042 | Gauntlet | Found a large runed translucent door.
 21043 | Gauntlet | Found a runed translucent gate.
 21043 | Gauntlet | Found a runed translucent gate.
 21043 | Gauntlet | Found a runed translucent gate.
 21045 | Gauntlet | Found a transporter.
 21055 | Gauntlet | Found a large runed translucent door.
 21056 | Gauntlet | Found a large runed translucent door.
 21064 | Gauntlet | Found a transporter.
 21068 | Gauntlet | Noticed a dire elephant
 21086 | Gauntlet | Found a transporter.
 21086 | Gauntlet | Noticed a blizzard demon
 21104 | Gauntlet | Found a transporter.
 21122 | Gauntlet | Found a transporter.
 21133 | Gauntlet | Noticed a dire elephant
 21134 | Gauntlet | Found a transporter.
 21155 | Gauntlet | Found a transporter.
 21172 | Gauntlet | Found a transporter.
 21174 | Gauntlet | Found a transporter.
 21205 | Gauntlet | Found a transporter.
 21207 | Gauntlet | Found a transporter.
 21301 | Gauntlet | Identified the ring of Xom's Fury {rN++ MP+9 Str-5 Dex+3}
 21316 | Gauntlet | Found the +3 salamander hide armour {Flames, rFlCloud rF++
                  | rC--}
 21316 | Gauntlet | Noticed a minotaur
 21324 | Gauntlet | Killed a minotaur
 21332 | Gauntlet | Identified the staff "Spiderbane" {rElec rC+ Str+3 SInv
                  | Necro Ice}
 21525 | D:11     | Reached skill level 15 in Fire Magic
 21639 | D:11     | Reached skill level 10 in Fighting
 22474 | D:12     | Found a blossoming altar of Fedhas.
 22491 | D:12     | Noticed Erolcha
 22500 | D:12     | Killed Erolcha
 22609 | D:12     | Offered knowledge of Plasma Beam by Vehumet.
 22912 | D:12     | Reached XP level 14. HP: 66/77 MP: 7/25
 22924 | D:12     | Learned a level 6 spell: Plasma Beam
 23162 | D:12     | Reached skill level 1 in Air Magic
 24048 | D:13     | Learned a level 1 spell: Apportation
 24330 | D:14     | Found a transporter.
 24382 | D:14     | Found a one-way gate to the infinite horrors of the Abyss.
 24382 | D:14     | Noticed a Hell Sentinel
 24382 | D:14     | Noticed Uzxid's ghost (journeyman MfGl)
 24439 | D:14     | Identified the ring "Samnafic" {rElec rF+}
 24644 | D:14     | Found a transporter.
 24896 | D:14     | Found a gate to the Vaults.
 25031 | D:15     | Entered Level 15 of the Dungeon
 25247 | D:15     | Found a staircase to the Depths.
 25418 | D:15     | Noticed a frost giant
 25427 | D:15     | Killed a frost giant
 26208 | Lair:3   | Nessos changed into Nessos the human
 26208 | Lair:3   | Noticed Nessos
 26211 | Lair:3   | Killed Nessos the human
 26537 | Lair:3   | Reached skill level 16 in Fire Magic
 26981 | Lair:4   | Identified the ring "Bazog" {rF++ rN+ Will- EV+5 Str+4}
 27193 | Lair:4   | Found a viscous altar of Jiyva.
 27194 | Lair:4   | Found a staircase to the Slime Pits.
 27415 | Lair:5   | Entered Level 5 of the Lair of Beasts
 27518 | Lair:5   | Reached XP level 15. HP: 83/83 MP: 3/27
 27730 | Lair:5   | Offered knowledge of Starburst by Vehumet.
 28549 | Lair:5   | Identified a scroll of acquirement
 28552 | Lair:5   | Acquired 576 gold pieces
 28908 | D:4      | Bought a book of Spontaneous Combustion for 456 gold pieces
 28919 | D:4      | Learned a level 8 spell: Ignition
 29153 | Orc:2    | Bought a scroll of identify for 42 gold pieces
 29153 | Orc:2    | Bought a potion of curing for 63 gold pieces
 29153 | Orc:2    | Bought a scroll of identify for 42 gold pieces
 29156 | Orc:2    | Bought a potion of lignification for 45 gold pieces
 29157 | Orc:2    | Bought a scroll of amnesia for 60 gold pieces
 29157 | Orc:2    | Bought a scroll of revelation for 112 gold pieces
 29157 | Orc:2    | Bought a scroll of teleportation for 45 gold pieces
 29157 | Orc:2    | Bought a potion of brilliance for 60 gold pieces
 29307 | Shoals:1 | Entered Level 1 of the Shoals
 29309 | Shoals:1 | Reached skill level 17 in Fire Magic
 29332 | Shoals:1 | Reached skill level 15 in Dodging
 29939 | Shoals:1 | Noticed a kraken
 29948 | Shoals:1 | Noticed a kraken
 30016 | Shoals:1 | Killed a kraken
 30067 | Shoals:1 | Killed a kraken
 30732 | Shoals:2 | Reached ****** piety under Vehumet
 30732 | Shoals:2 | Offered knowledge of Eringya's Noxious Bog by Vehumet.
 31100 | Shoals:2 | Reached XP level 16. HP: 90/90 MP: 23/29
 31225 | Shoals:2 | Noticed a kraken
 31297 | Shoals:2 | Noticed Polyphemus
 31318 | Shoals:2 | Killed Polyphemus
 31501 | Shoals:2 | Noticed Nikola
 31509 | Shoals:2 | Killed a kraken
 31510 | Shoals:2 | Reached skill level 18 in Fire Magic
 31516 | Shoals:2 | Killed Nikola
 32893 | Shoals:3 | Noticed Ilsuiw
 32899 | Shoals:3 | Killed Ilsuiw
 33074 | Shoals:4 | Entered Level 4 of the Shoals
 33352 | Shoals:4 | Offered knowledge of Freezing Cloud by Vehumet.
 34187 | Shoals:4 | Reached XP level 17. HP: 61/96 MP: 12/31
 34215 | Shoals:4 | Reached skill level 19 in Fire Magic
 34931 | Shoals:4 | Got a barnacled rune of Zot
 35515 | D:4      | Bought a ring of poison resistance for 220 gold pieces
 35527 | D:4      | Learned a level 4 spell: Ignite Poison
 35720 | Orc:2    | Bought a scroll of poison for 84 gold pieces
 35720 | Orc:2    | Bought a scroll of poison for 84 gold pieces
 35865 | Spider:1 | Entered Level 1 of the Spider Nest
 35865 | Spider:1 | Noticed Roxanne
 35950 | Spider:1 | Offered knowledge of Spellforged Servitor by Vehumet.
 36657 | Spider:2 | Reached skill level 10 in Spellcasting
 36806 | Spider:2 | Identified the serpent talisman of Immorality {rC+}
 36806 | Spider:2 | Noticed Aizul
 36810 | Spider:2 | Killed Aizul
 37501 | Spider:3 | Offered knowledge of Orb of Destruction by Vehumet.
 38326 | Spider:1 | Noticed Louise
 38353 | Spider:1 | Killed Louise
 39027 | Spider:4 | Entered Level 4 of the Spider Nest
 39209 | Spider:4 | Offered knowledge of Shatter by Vehumet.
 39209 | Spider:4 | Offered knowledge of Chain Lightning by Vehumet.
 39209 | Spider:4 | Offered knowledge of Polar Vortex by Vehumet.
 39235 | Spider:4 | Reached XP level 18. HP: 68/102 MP: 33/33
 39547 | Spider:4 | Reached skill level 20 in Fire Magic
 40428 | Spider:4 | Found a hide-covered altar of Uskayaw.
 41111 | Spider:4 | Got a gossamer rune of Zot
 41438 | Elf:1    | Entered Level 1 of the Elven Halls
 41525 | Elf:1    | Found Xumeimea's General Store.
 41527 | Elf:1    | Found Gafro's Magic Scroll Shoppe.
 41527 | Elf:1    | Found Piakeil's General Store.
 41532 | Elf:1    | Found Goperuf's Assorted Antiques.
 41544 | Elf:1    | Bought a scroll of identify for 28 gold pieces
 41585 | Elf:1    | Bought a potion of curing for 48 gold pieces
 41585 | Elf:1    | Bought a potion of curing for 48 gold pieces
 42088 | Vaults:1 | Entered Level 1 of the Vaults
 42108 | Vaults:1 | Reached skill level 15 in Fighting
 42739 | Vaults:1 | Learned a level 4 spell: Iskenderun's Mystic Blast
 42775 | Vaults:1 | Noticed Donald
 43951 | Elf:1    | Found Jiemalyst's Armour Shoppe.
 44245 | Elf:2    | Found Wituj's Book Shop.
 44376 | Elf:2    | Reached XP level 19. HP: 68/108 MP: 23/35
 44390 | Elf:2    | Found a runed translucent gate.
 44391 | Elf:2    | Found a runed translucent gate.
 44391 | Elf:2    | Found a runed translucent gate.
 44805 | Elf:3    | Entered Level 3 of the Elven Halls
 44843 | Elf:3    | Noticed Himuck's ghost (adept OpFE)
 44858 | Elf:3    | Found a transporter.
 44876 | Elf:3    | Found a transporter.
 45465 | Elf:3    | Reached skill level 21 in Fire Magic
 45741 | Elf:3    | Found Qujeil's Book Emporium.
 45952 | Elf:3    | Found a transporter.
 45953 | Elf:3    | Found a transporter.
 46036 | Elf:3    | Found a transporter.
 46037 | Elf:3    | Found a transporter.
 46118 | Elf:3    | Identified the +9 long sword of Topiame {drain, Int+2}
 46132 | Elf:3    | Identified the +5 executioner's axe of the Lame Duck {elec,
                  | ^Drain rN+ rCorr Int+6}
 46132 | Elf:3    | Identified the ring "Iqicik" {+Blink rPois rF+ Dex+3}
 46450 | Elf:3    | Identified the +2 broad axe "Cuid" {protect, Dex+3}
 46586 | Elf:3    | Found a transporter.
 46591 | Elf:3    | Found a transporter.
 46602 | Elf:3    | Identified the amulet "Plog" {Spirit rC- rN+ Str+3 Slay+2}
 47438 | Elf:3    | Identified the staff of Pride {rPois MP+9 Str+2 Earth}
 47483 | Elf:3    | Got the Codex of Superiority
 48167 | Vaults:1 | Acquired a book of the Spheres
 48175 | Vaults:1 | Learned a level 5 spell: Iskenderun's Battlesphere
 48464 | Vaults:1 | Killed Donald
 48921 | Vaults:1 | Found Lifee's Weapon Shoppe.
 49151 | Vaults:2 | Found a crumbling gateway.
 49161 | Desolati | Entered the Desolation of Salt
 49650 | Vaults:2 | Reached XP level 20. HP: 114/114 MP: 5/37
 49674 | Vaults:2 | Reached skill level 10 in Conjurations
 50485 | Vaults:2 | You fall into a shaft and drop 2 floors!
 50491 | Vaults:4 | Found Fepp's Jewellery Emporium.
 50613 | Vaults:4 | Reached skill level 22 in Fire Magic
 50683 | Vaults:4 | Found Biala's Weapon Emporium.
 50751 | Vaults:4 | Found Horuqiux's Antique Armour Boutique.
 52330 | Vaults:3 | Found a staircase to the Crypt.
 52460 | Vaults:3 | Identified the +3 scimitar of Urgency {flame, Fly}
 52625 | Vaults:3 | Reached XP level 21. HP: 110/121 MP: 31/39
 53982 | Vaults:4 | Found Ataobuxe's Assorted Antiques.
 54186 | Vaults:4 | Identified the +1 scale mail "Diujus" {Harm rC+ Will+
                  | Dex-5}
 54203 | Vaults:4 | Found Tonuk's General Store.
 54354 | Crypt:1  | Entered Level 1 of the Crypt
 54686 | Crypt:1  | Found a magical portal.
 54697 | WizLab   | Entered Yara's Duelist Academy
 55073 | WizLab   | Noticed Bigy
 55076 | WizLab   | Killed Bigy the Head Instructor
 55077 | WizLab   | Reached skill level 23 in Fire Magic
 55187 | WizLab   | Identified the +0 chain mail of Polish {Dex+4}
 55259 | WizLab   | Got the Reference Book on Red-Hot Rot
 55795 | Crypt:1  | Found a runed translucent door.
 55796 | Crypt:1  | Noticed a dread lich
 55818 | Crypt:1  | Killed a dread lich
 55930 | Crypt:1  | Found an ancient bone altar of Kikubaaqudgha.
 56247 | Crypt:1  | HP: 6/120 [??? (3)]
 56672 | Crypt:2  | Mangled by an eidolon
 56672 | Crypt:2  | Lost a life (1 life remaining)
 57094 | Crypt:3  | Entered Level 3 of the Crypt
 57253 | Crypt:2  | Learned a level 9 spell: Fire Storm
 57335 | Crypt:2  | Reached XP level 22. HP: 108/128 MP: 19/41
 57335 | Crypt:2  | Gained a life (2 lives remaining)
 57781 | Crypt:2  | Found an ancient bone altar of Kikubaaqudgha.
 58047 | Crypt:3  | Noticed a curse toe
 58607 | Crypt:3  | Identified the +0 ring mail "Dozeos" {Regen+ Int-4 Dex+5
                  | Slay-4}
 58702 | Crypt:3  | Got the Atlas of Bodies
 58713 | Crypt:3  | Identified the ring "Xextyabue" {rN+ Will+ rCorr Slay+2}
                  | (You found it on level 3 of the Crypt)
 58715 | Crypt:3  | Identified the ring of Aloxzic {rN+ Str+3 Stlth+}
 58716 | Crypt:3  | Identified the ring "Itycaina" {rPois rN+ Will+ rCorr
                  | Str-3}
 58850 | Crypt:3  | Identified the +5 ring mail of the Stone Wall {Str+6 Dex-5}
 58854 | Crypt:3  | Identified the amulet "Nujilikk" {Reflect Harm rF+ SH+5}
 58855 | Crypt:3  | Identified the +1 plate armour of the Catamount {rPois
                  | Stlth+}
 59315 | Elf:1    | Bought a scroll of fog for 56 gold pieces
 59315 | Elf:1    | Bought a scroll of acquirement for 728 gold pieces
 59315 | Elf:1    | Acquired 800 gold pieces
 59320 | Elf:1    | Bought a scroll of revelation for 120 gold pieces
 59495 | D:4      | Bought a phantom mirror for 520 gold pieces
 59500 | D:4      | Bought a phial of floods for 520 gold pieces
 59500 | D:4      | Bought a wand of charming (2) for 62 gold pieces
 59724 | Slime:1  | Entered Level 1 of the Pits of Slime
 59975 | Slime:5  | Entered Level 5 of the Pits of Slime
 60003 | Slime:5  | Noticed the Royal Jelly
 60009 | Slime:5  | Killed the Royal Jelly
 60494 | Slime:5  | Identified the +6 flail of Xuov {holy, Int+4 Dex+3}
 60560 | Slime:5  | Got the Reference Book on Chilled Formulae
 60573 | Slime:5  | Got a slimy rune of Zot
 60591 | Slime:5  | Identified the +3 glaive of Wariness {drain, Dex+3}
 60626 | Slime:5  | Identified the +4 hand axe "Furhaempui" {flame, rC+ Stlth+}
 60637 | Slime:5  | Identified the +7 short sword of Recklessness {heavy,
                  | ^Fragile rC+ Dex+5}
 60645 | Slime:5  | Identified the +4 chain mail of the Hall of Blades {rCorr
                  | Int+7 Slay-6}
 61550 | D:15     | Got Sif Muna's Volume of Gases and Oromancy
 61788 | D:15     | Got the Atlas of Earthen Voltage
 61986 | Depths:1 | Entered Level 1 of the Depths
 62002 | Depths:1 | Noticed Norris
 62006 | Depths:1 | Killed Norris
 62007 | Depths:1 | Reached skill level 24 in Fire Magic
 62147 | Depths:1 | Found a corrupted altar of Lugonu.
 62327 | Depths:1 | Found a gateway to Hell.
 62439 | Depths:1 | Identified the +1 chain mail of Disappointment {rElec
                  | Int+4}
 62513 | Depths:1 | You fall into a shaft and drop 1 floor!
 62529 | Depths:2 | Reached XP level 23. HP: 126/134 MP: 34/42
 62704 | Depths:1 | Reached skill level 15 in Conjurations
 63107 | Depths:2 | Found a runed translucent gate.
 63107 | Depths:2 | Found a runed translucent gate.
 63107 | Depths:2 | Found a runed translucent gate.
 63291 | Depths:2 | Found a runed translucent gate.
 63291 | Depths:2 | Found a runed translucent gate.
 63291 | Depths:2 | Found a runed translucent gate.
 63485 | Depths:2 | Identified the ring "Cof Obua" {Str+6 SInv}
 63747 | Depths:2 | Reached skill level 15 in Spellcasting
 64068 | Depths:2 | Found a one-way gate leading to the halls of Pandemonium.
 65075 | Depths:3 | Gained mutation: You are frail. (-10% HP) [a shining eye]
 65078 | Depths:3 | Lost mutation: You are frail. (-10% HP) [potion of
                  | mutation]
 65078 | Depths:3 | Gained mutation: Your spells are a little easier to cast,
                  | but a little less powerful. [potion of mutation]
 65078 | Depths:3 | Gained mutation: You are weak. (Str -2) [potion of
                  | mutation]
 65078 | Depths:3 | Gained mutation: You have a pair of small antennae on your
                  | head. [potion of mutation]
 65079 | Depths:3 | Lost mutation: You are weak. (Str -2) [potion of mutation]
 65079 | Depths:3 | Lost mutation: You have a pair of small antennae on your
                  | head. [potion of mutation]
 65079 | Depths:3 | Gained mutation: You are dopey. (Int -2) [potion of
                  | mutation]
 65079 | Depths:3 | Gained mutation: You have a pair of small antennae on your
                  | head. [potion of mutation]
 65080 | Depths:3 | Lost mutation: You have a pair of small antennae on your
                  | head. [potion of mutation]
 65080 | Depths:3 | Lost mutation: You are dopey. (Int -2) [potion of mutation]
 65080 | Depths:3 | Gained mutation: You expend magic power (3 MP) to
                  | strengthen your wands. [potion of mutation]
 65081 | Depths:3 | Lost mutation: You expend magic power (3 MP) to strengthen
                  | your wands. [potion of mutation]
 65081 | Depths:3 | Lost mutation: Your spells are a little easier to cast, but
                  | a little less powerful. [potion of mutation]
 65081 | Depths:3 | Gained mutation: You are partially covered in iridescent
                  | scales. (AC +2) [potion of mutation]
 65261 | Depths:3 | Learned a level 4 spell: Vhi's Electric Charge
 65972 | Depths:3 | Reached skill level 5 in Translocations
 66151 | Depths:4 | Entered Level 4 of the Depths
 66580 | Depths:4 | Reached XP level 24. HP: 139/139 MP: 35/43
 66681 | Depths:4 | Found a one-way gateway to a ziggurat.
 67191 | Depths:4 | Reached skill level 5 in Evocations
 67204 | Depths:4 | Found a gate to the Realm of Zot.
 67296 | Zig:1    | Entered Level 1 of a ziggurat
 67309 | Zig:2    | Entered Level 2 of a ziggurat
 67331 | Zig:3    | Entered Level 3 of a ziggurat
 67331 | Zig:3    | Noticed Meas the pandemonium lord
 67336 | Zig:3    | Killed Meas the pandemonium lord
 67755 | Zot:1    | Entered Level 1 of the Realm of Zot
 69596 | Zot:1    | Found a burning altar of Makhleb.
 72302 | Zot:3    | Found the +4 dragonskin cloak
 72302 | Zot:3    | Noticed Tiamat
 72330 | Zot:3    | Killed Tiamat
 72331 | Zot:3    | Reached XP level 25. HP: 145/145 MP: 22/43
 72350 | Zot:3    | Found the +3 pair of mountain boots {steadfast, rC+}
 72364 | Zot:3    | Got the Dissertation on Moving Erosion
 73377 | Zot:4    | Reached skill level 25 in Fire Magic
 73559 | Zot:4    | Identified the +1 leather armour of the Oni {^Contam rPois
                  | rF+++ Dex+2}
 73827 | Zot:4    | Found a runed translucent gate.
 73828 | Zot:4    | Found a runed translucent gate.
 73831 | Zot:4    | Found a runed translucent gate.
 73832 | Zot:4    | Noticed Ryuz's ghost (legendary MeAl)
 74213 | Zot:4    | Identified the +2 robe of Resilience {rElec rF+ Str+3
                  | Stlth+}
 74269 | Zot:4    | Learned a level 4 spell: Summon Blazeheart Golem
 74287 | Zot:5    | Entered Level 5 of the Realm of Zot
 74399 | Zot:5    | Noticed an orb of fire
 74483 | Zot:5    | Gained mutation: You are agile. (Dex +4, Str/Int -1) [an
                  | orb of fire]
 74491 | Zot:5    | Killed an orb of fire
 75473 | Zot:5    | Noticed an ancient lich
 75604 | Zot:5    | Killed an ancient lich
 75647 | Zot:5    | Noticed a Killer Klown
 75650 | Zot:5    | Killed a Killer Klown
 75656 | Zot:5    | Noticed an orb of fire
 75670 | Zot:5    | Killed an orb of fire
 75868 | Zot:5    | Noticed an orb of fire
 75893 | Zot:5    | Killed an orb of fire
 76107 | Zot:5    | Noticed a Killer Klown
 76110 | Zot:5    | Killed a Killer Klown
 76173 | Zot:5    | Noticed an orb of fire
 76182 | Zot:5    | Gained mutation: You sometimes lose your temper in combat.
                  | [an orb of fire]
 76203 | Zot:5    | Lost mutation: You are partially covered in iridescent
                  | scales. (AC +2) [an orb of fire]
 76205 | Zot:4    | Lost mutation: You sometimes lose your temper in combat.
                  | [potion of mutation]
 76205 | Zot:4    | Lost mutation: You are agile. (Dex +4, Str/Int -1) [potion
                  | of mutation]
 76205 | Zot:4    | Gained mutation: You are partially covered in iridescent
                  | scales. (AC +2) [potion of mutation]
 76205 | Zot:4    | Gained mutation: Your flesh is cold resistant. (rC+)
                  | [potion of mutation]
 76205 | Zot:4    | Gained mutation: You are robust. (+10% HP) [potion of
                  | mutation]
 76205 | Zot:4    | Gained mutation: You have a pair of small antennae on your
                  | head. [potion of mutation]
 76257 | Zot:5    | Killed an orb of fire
 76425 | Zot:5    | Noticed an orb of fire
 76433 | Zot:5    | Gained mutation: You have a somewhat thin skeletal
                  | structure. (Dex +2, Stealth+) [an orb of fire]
 76445 | Zot:5    | Lost mutation: You are robust. (+10% HP) [an orb of fire]
 76453 | Zot:5    | Gained mutation: You are frail. (-10% HP) [an orb of fire]
 76477 | Zot:4    | Lost mutation: Your flesh is cold resistant. (rC+) [potion
                  | of mutation]
 76477 | Zot:4    | Lost mutation: You are partially covered in iridescent
                  | scales. (AC +2) [potion of mutation]
 76477 | Zot:4    | Lost mutation: You have a pair of small antennae on your
                  | head. [potion of mutation]
 76477 | Zot:4    | Gained mutation: Your system is resistant to poisons.
                  | (rPois) [potion of mutation]
 76477 | Zot:4    | Gained mutation: You have hidden genetic potential. [potion
                  | of mutation]
 76478 | Zot:4    | Lost mutation: Your system is resistant to poisons. (rPois)
                  | [potion of mutation]
 76478 | Zot:4    | Lost mutation: You are frail. (-10% HP) [potion of
                  | mutation]
 76478 | Zot:4    | Gained mutation: You are vulnerable to heat. (rF-) [potion
                  | of mutation]
 76479 | Zot:4    | Lost mutation: You are vulnerable to heat. (rF-) [potion of
                  | mutation]
 76479 | Zot:4    | Lost mutation: You have hidden genetic potential. [potion
                  | of mutation]
 76479 | Zot:4    | Lost mutation: You have a somewhat thin skeletal structure.
                  | (Dex +2, Stealth+) [potion of mutation]
 76479 | Zot:4    | Gained mutation: Your mind is acute. (Int +4, Str/Dex -1)
                  | [potion of mutation]
 76479 | Zot:4    | Gained mutation: Your magical capacity is low. (-10% MP)
                  | [potion of mutation]
 76497 | Zot:5    | Killed an orb of fire
 76609 | Zot:5    | Noticed a Killer Klown
 76610 | Zot:5    | Killed a Killer Klown
 76612 | Zot:5    | Noticed an orb of fire
 76649 | Zot:5    | Gained mutation: You are vulnerable to cold. (rC-) [an orb
                  | of fire]
 76650 | Zot:5    | Killed an orb of fire
 76799 | Zot:5    | Reached XP level 26. HP: 152/152 MP: 31/40
 76810 | Zot:5    | Noticed an orb of fire
 76947 | Zot:5    | Lost mutation: Your mind is acute. (Int +4, Str/Dex -1)
                  | [potion of mutation]
 76947 | Zot:5    | Lost mutation: Your magical capacity is low. (-10% MP)
                  | [potion of mutation]
 76947 | Zot:5    | Gained mutation: Your mind is acute. (Int +4, Str/Dex -1)
                  | [potion of mutation]
 76948 | Zot:5    | Lost mutation: You are vulnerable to cold. (rC-) [potion of
                  | mutation]
 76948 | Zot:5    | Lost mutation: Your mind is acute. (Int +4, Str/Dex -1)
                  | [potion of mutation]
 76948 | Zot:5    | Gained mutation: You are dopey. (Int -2) [potion of
                  | mutation]
 76949 | Zot:5    | Lost mutation: You are dopey. (Int -2) [potion of mutation]
 76949 | Zot:5    | Gained mutation: Your health recovers twice as slowly from
                  | being drained. [potion of mutation]
 76949 | Zot:5    | Gained mutation: You are vulnerable to cold. (rC-) [potion
                  | of mutation]
 76950 | Zot:5    | Lost mutation: You are vulnerable to cold. (rC-) [potion of
                  | mutation]
 76950 | Zot:5    | Lost mutation: Your health recovers twice as slowly from
                  | being drained. [potion of mutation]
 76950 | Zot:5    | Gained mutation: You do not regenerate when monsters are
                  | visible. [potion of mutation]
 76979 | Zot:5    | Noticed an orb of fire
 76982 | Zot:5    | Noticed an orb of fire
 77034 | Zot:5    | Killed an orb of fire
 77050 | Zot:5    | Gained mutation: You sometimes lose your temper in combat.
                  | [an orb of fire]
 77050 | Zot:5    | Gained mutation: You are agile. (Dex +4, Str/Int -1) [an
                  | orb of fire]
 77090 | Zot:5    | Gained mutation: Your spells are a little easier to cast,
                  | but a little less powerful. [an orb of fire]
 77093 | Zot:5    | Gained mutation: Your mind is acute. (Int +4, Str/Dex -1)
                  | [an orb of fire]
 77098 | Zot:5    | Gained mutation: Your magical capacity is low. (-10% MP)
                  | [an orb of fire]
 77099 | Zot:5    | Killed an orb of fire
 77305 | Zot:5    | Lost mutation: Your mind is acute. (Int +4, Str/Dex -1)
                  | [potion of mutation]
 77305 | Zot:5    | Lost mutation: You do not regenerate when monsters are
                  | visible. [potion of mutation]
 77305 | Zot:5    | Lost mutation: You are agile. (Dex +4, Str/Int -1) [potion
                  | of mutation]
 77305 | Zot:5    | Gained mutation: Potions are less effective at restoring
                  | your health. [potion of mutation]
 77305 | Zot:5    | Gained mutation: You are robust. (+10% HP) [potion of
                  | mutation]
 77305 | Zot:5    | Gained mutation: Your muscles are strong. (Str +4, Int/Dex
                  | -1) [potion of mutation]
 77306 | Zot:5    | Lost mutation: Your muscles are strong. (Str +4, Int/Dex
                  | -1) [potion of mutation]
 77306 | Zot:5    | Lost mutation: Potions are less effective at restoring your
                  | health. [potion of mutation]
 77306 | Zot:5    | Lost mutation: Your spells are a little easier to cast, but
                  | a little less powerful. [potion of mutation]
 77306 | Zot:5    | Gained mutation: You are somewhat resistant to further
                  | mutation. [potion of mutation]
 77306 | Zot:5    | Gained mutation: You expend magic power (3 MP) to
                  | strengthen your wands. [potion of mutation]
 77386 | Zot:5    | Gained mutation: Your health recovers twice as slowly from
                  | being drained. [an orb of fire]
 77444 | Zot:5    | Killed an orb of fire
 77566 | Zot:5    | Noticed an ancient lich
 77572 | Zot:5    | Killed an ancient lich
 77772 | Zot:5    | Noticed an orb of fire
 77903 | Zot:5    | Gained mutation: You are occasionally teleported next to
                  | monsters. [an orb of fire]
 77905 | Zot:5    | Killed an orb of fire
 77909 | Zot:5    | Lost mutation: You sometimes lose your temper in combat.
                  | [potion of mutation]
 77909 | Zot:5    | Lost mutation: Your health recovers twice as slowly from
                  | being drained. [potion of mutation]
 77909 | Zot:5    | Lost mutation: You expend magic power (3 MP) to strengthen
                  | your wands. [potion of mutation]
 77909 | Zot:5    | Gained mutation: Your body sometimes deteriorates upon
                  | taking damage. [potion of mutation]
 77909 | Zot:5    | Lost mutation: You are robust. (+10% HP) [potion of
                  | mutation]
 78112 | Zot:5    | Got the Orb of Zot
 78128 | Zot:5    | Noticed Oxusch the pandemonium lord
 78142 | Zot:5    | Killed Oxusch the pandemonium lord
 78315 | Zot:1    | Noticed a seraph
 78354 | Zot:1    | Killed a seraph
 78819 | D:$      | Escaped with the Orb!

Illustrated notes

Levels and vault maps discovered:
D:1:      matt_arrival_grand_opening, layout_basic
D:2:      layout_rooms, minmay_tiny_reverse_x
D:3:      layout_rooms
D:4:      layout_loops_ring, serial_shops, nicolae_book_shop_shelving,
          nicolae_shop_getting_attention, nicolae_lakefront_shop,
          nicolae_shop_gadgets
D:5:      layout_rooms, slow_altar_2, temple_doors_e, uniq_crazy_yiuf_cottage
D:6:      layout_basic, nicolae_gozag_conspicuous_consumption
D:7:      minmay_the_grid_octo_2x2 [minmay_the_grid_octo_tetromino_candy,
          minmay_the_grid_octo_shrine, minmay_the_grid_octo_fat_diamond,
          minmay_the_grid_octo_prize_ultimate_mussel_roller], layout_basic,
          eat_drink_and_be_merry_uskayaw,
          mainiacjoe_overflow_concentric_impassable, uniq_duvessa
D:8:      layout_loops_corners, mainiacjoe_overflow_catwalk
D:9:      layout_roguey, trog_three_pillars_becter, minitemple,
          minmay_lair_entry_grove, orc_0_dummy, kennysheep_generic_room_6,
          uniq_grum
D:10:     layout_basic, general_overflow_altar, hangedman_ru_absence
D:11:     layout_irregular_city, gauntlet_entry_generic
D:12:     layout_stronghold, fedhas_altar_3, uniq_erolcha
D:13:     layout_loops_ring
D:14:     layout_irregular_city, david_vaults_5, chequers_decorated_corner,
          gammafunk_ghost_abyssal_escape
D:15:     hangedman_crystal_crosses_colossus [crystal_crosses_arms_two,
          crystal_crosses_arms_two, crystal_crosses_arms_one]
Temple:   nicolae_temple_two_arcs
Lair:1:   layout_chaotic_city
Lair:2:   layout_cave_pods, dreamdust_deal_with_the_devil
Lair:3:   layout_gridlike, elwin_shoals_entry_stream,
          spider_nest_entry_web_field, nicolae_volcano_entry_hallway,
          serial_bayou_lake_a, uniq_nessos
Lair:4:   layout_gridlike, slime_entry_1
Lair:5:   minmay_lair_end_frog_pond, layout_regular_city, lemuel_fruit_tree
Shoals:1: layout_shoals, nicolae_shoals_lost_giant_hut
Shoals:2: layout_shoals, nicolae_shoals_raging_river, uniq_polyphemus,
          uniq_nikola
Shoals:3: layout_shoals, uniq_ilsuiw
Shoals:4: shoals_end_grunt_ice, layout_shoals
Spider:1: layout_spider_delve, nicolae_looking_at_the_future, uniq_louise,
          uniq_roxanne
Spider:2: lemuel_spider_zombies, nicolae_orb_stairs, uniq_aizul
Spider:3: layout_spider_delve, special_room, nicolae_spider_webbed_stairs
Spider:4: hellmonk_spider_rune_endless_swarm, nicolae_spider_altar_of_dancing
Slime:1:  layout_caves, basic_altar
Slime:2:  layout_caves
Slime:3:  layout_caves
Slime:4:  layout_caves
Slime:5:  slime_pit_nicolae_trefoil
Orc:1:    layout_diamond_mine, mines2_david
Orc:2:    st_orc_ogre_mass, layout_caves, regret_index_xom_of_box
Elf:1:    eino_elf_arrival_sip, layout_gridlike, serial_shops, shop,
          nicolae_elf_crossing_hall, minmay_shoptagon
Elf:2:    nicolae_elf_blades_crystal_corner, layout_rooms, serial_shops,
          nicolae_shop_rolling_square
Elf:3:    minmay_elf_hall_furrowed, layout_geoelf_diagonals, serial_shops, shop,
          gammafunk_ghost_berserking_beasts, drop_trap, serial_nicolae_subway,
          nicolae_sub_station_stone, nicolae_sub_station_crystal,
          nicolae_sub_station_metal
Vaults:1: nicolae_vaults_prndl, nicolae_vaults_sesquioval_fish,
          nicolae_vaults_shipping_containers_4, grunt_vaults_focal,
          vaults_mumra_hexcomb, nicolae_vaults_little_squares_1,
          nicolae_vaults_mini_display_case, vaults_room_grunt_arrival_ludios,
          vaults_room_mumra_shop_pool, layout_vaults_omnigrid, uniq_donald
Vaults:2: portal_desolation_entry_garden, grunt_vaults_trifunnel,
          nicolae_vaults_circle_grid_b, nicolae_vaults_trapezoid_lopsided_3,
          ontoclasm_vaults_ligature, nicolae_vaults_closet_pinwheel_4,
          v_misc_15, hangedman_vaults_impose, nicolae_vaults_diamond_1,
          layout_vaults_omnibox
Vaults:3: v_misc_8, nicolae_vaults_storage_closets_3,
          nicolae_vaults_network_square, st_lattice, ontoclasm_vaults_eye,
          nicolae_vaults_stairing_the_circle, v_pattern_2,
          minmay_crypt_entry_simple_statues, nicolae_vaults_closet_pinwheel_6,
          nicolae_vaults_variable_pillar_hall, vaults_room_fancy_cross,
          layout_vaults_big_room
Vaults:4: hangedman_vaults_hat, nicolae_vaults_cochlea, grunt_vaults_funnel,
          nicolae_vaults_tetromino_T_2, v_misc_10, nicolae_vaults_weapon_check,
          v_misc_3, nicolae_vaults_doubleplus_tesselated,
          ontoclasm_vaults_decontamination, nicolae_vaults_theta,
          v_alt_pattern_4, nicolae_vaults_security_offices_4,
          vaults_mumra_chevron, nicolae_vaults_diamond_2,
          vaults_room_semicircle, layout_vaults_maze_bifur, serial_shops,
          shop_fountains, nicolae_square_shop, shop_fountains, shop,
          nicolae_shop_hallway_stairs
Crypt:1:  cheibrodos_crypt_cold_storage, layout_misc_corridors,
          mu_enter_wizlab_3, basic_altar, nicolae_crypt_small_crypt
Crypt:2:  layout_basic, roadster_capsule_ark_zombie, grunt_megastairs_4
Crypt:3:  david_glass_crypt, layout_rooms, nicolae_tomb_entry_grand_gallery
Depths:1: layout_long_grid, hell_entry, chequers_jeans, abyss_entry_flame_altar,
          nicolae_sextant, grunt_decor_arrowhead, grunt_decor_fettered,
          st_stairs_10, minmay_misc_feat_cross, nicolae_the_louvre,
          serial_bayou_shore_b, uniq_norris
Depths:2: kennysheep_treasure_stockpile, layout_cave_pools,
          pf_hell_entry_great_geh, abyss_entry, nrook_mini_vaults,
          rand_demon_pan_entry_9, nicolae_burly_brawl,
          infiniplex_staircase_trident
Depths:3: hangedman_elemental_death_ray, layout_cave_pools,
          grunt_hell_entry_demonic_statue, skrybe_limestone_x,
          abyss_entry_crystal, special_room [special_room_jelly],
          minmay_misc_feat_square
Depths:4: evilmike_zot_entry_diamond, layout_basic, enter_ziggurat_d,
          nicolae_abyss_entry_one_way_or_another, corexii_leaking_fountain,
          hell_entry, st_stairs_1
Zot:1:    nicolae_zot_draconian_monastery, layout_gridlike
Zot:2:    layout_twisted_circle
Zot:3:    circus_mu, layout_twisted_circle, regret_index_zotdec_icy_dp,
          nicolae_lava_and_water, st_small_dragon_hoard_4, uniq_tiamat
Zot:4:    layout_concentric_octagons, skrybe_zot_glass_3,
          ebering_ghost_rock_garden, st_stairs_2
Zot:5:    layout_onion, grunt_ministairs_12, hangedman_zot_decor_slant

Skill      XL: |  1  2  3  4  5  6  7  8  9 10 11 12 13 14 15 16 17 18 19 20 21 22 23 24 25 26 |
---------------+-------------------------------------------------------------------------------+-----
Conjurations   | 1 3 5 6 7 8 9 10 12 14 16 18 19 20 | 20.2
Dodging        | 3 5 7 9 11 12 14 15 17 18 19 20 21 22 23 | 23.3
Stealth        | 3 4 6 7 9 |  9.9
Fire Magic     | 3 4 5 6 9 10 11 12 14 15 16 17 18 19 20 21 22 23 24 25 | 25.6
Hexes          | 1 2 3 |  3.3
Fighting       | 1 2 3 4 6 7 8 10 11 12 13 14 15 16 17 18 19 20 | 20.7
Translocations | 1 3 5 6 |  6.6
Spellcasting   | 3 4 6 7 8 9 10 11 12 13 14 15 16 | 16.6
Evocations     | 1 4 6 7 9 |  9.3
Air Magic      | 3 4 |  4.4

Action                     |  1- 3 |  4- 6 |  7- 9 | 10-12 | 13-15 | 16-18 | 19-21 | 22-24 | 25-27 || total
---------------------------+-------+-------+-------+-------+-------+-------+-------+-------+-------++-------
  Melee: Unarmed           |       |       |     2 |       |       |     8 |     3 |     1 |     2 ||    16
         Bite              |       |       |       |       |       |     2 |     1 |       |       ||     3
   Cast: Foxfire           |    69 |    94 |   111 |   180 |   107 |    78 |     4 |     3 |     2 ||   648
         Scorch            |       |    15 |    67 |    81 |    35 |    36 |     2 |     1 |       ||   237
         Inner Flame       |       |     1 |    17 |    94 |   152 |   114 |     9 |       |       ||   387
         Volatile Blastmot |       |       |    27 |    78 |     5 |       |       |       |       ||   110
         Fireball          |       |       |       |    59 |   291 |   250 |    68 |    51 |     6 ||   725
         Plasma Beam       |       |       |       |       |    40 |   301 |   515 |   568 |    41 ||  1465
         Apportation       |       |       |       |       |     7 |    39 |    12 |    54 |    12 ||   124
         Blink             |       |       |       |       |     2 |     5 |     7 |     3 |     8 ||    25
         Ignition          |       |       |       |       |     6 |    28 |    34 |    56 |     3 ||   127
         Ignite Poison     |       |       |       |       |       |     2 |     1 |       |       ||     3
         Iskenderun's Myst |       |       |       |       |       |    51 |    92 |    81 |    21 ||   245
         Magic Dart        |       |       |       |       |       |    28 |    28 |    25 |       ||    81
         Iskenderun's Batt |       |       |       |       |       |       |    78 |   117 |    12 ||   207
         Fire Storm        |       |       |       |       |       |       |       |    93 |   248 ||   341
         Summon Blazeheart |       |       |       |       |       |       |       |       |     7 ||     7
Ability: Begin Untransform |     1 |       |       |       |       |       |       |       |       ||     1
  Evoke: Wand              |       |       |       |     4 |     6 |     5 |     7 |    19 |    40 ||    81
         Lightning rod     |       |       |       |     3 |    14 |    16 |    12 |     7 |       ||    52
         Sack of spiders   |       |       |       |       |     2 |     2 |     3 |     1 |     1 ||     9
         Phantom mirror    |       |       |       |       |       |       |       |       |     1 ||     1
    Use: Scroll            |       |     3 |     9 |     4 |    26 |    17 |    10 |     8 |    14 ||    91
         Potion            |       |       |     2 |     3 |    10 |    11 |    13 |    13 |    46 ||    98
   Stab: Sleeping          |       |       |     1 |       |       |     1 |       |       |       ||     2
 Armour: Skin              |     4 |     9 |    19 |    48 |    44 |    96 |    87 |   108 |    70 ||   485
  Dodge: Dodged            |     7 |     8 |    38 |    70 |    82 |   250 |   185 |   221 |   129 ||   990
   Form: Flux              |     1 |       |       |       |       |       |       |       |       ||     1

Table legend: (Time is in decaauts)
 A = Elapsed time spent in this place.
 B = Non-inter-level travel time spent in this place.
 C = Inter-level travel time spent in this place.
 D = Time resting spent in this place.
 E = Time spent auto-exploring this place.
 F = Levels seen in this place.
 G = Mean time per level.
                   A        B        C        D        E       F      G
               +--------+--------+--------+--------+--------+-----+--------+
         Total |  79281 |  71119 |   8162 |  23660 |  15621 |  61 | 1299.7 |
       Dungeon |  21944 |  18335 |   3609 |   5723 |   3930 |  15 | 1462.9 |
        Temple |     21 |     21 |      0 |      0 |      0 |   1 |   21.0 |
          Lair |   7989 |   6684 |   1305 |   2088 |   2324 |   5 | 1597.8 |
        Shoals |   6257 |   5843 |    414 |   2329 |   1480 |   4 | 1564.2 |
   Spider Nest |   5435 |   5015 |    420 |   1737 |    576 |   4 | 1358.8 |
    Slime Pits |    984 |    984 |      0 |    356 |      0 |   5 |  196.8 |
  Orcish Mines |   2994 |   2169 |    825 |    353 |    150 |   2 | 1497.0 |
   Elven Halls |   5021 |   4727 |    294 |   1897 |   1155 |   3 | 1673.7 |
        Vaults |   7315 |   6935 |    380 |   1936 |   2406 |   4 | 1828.8 |
         Crypt |   3765 |   3462 |    303 |   1250 |    943 |   3 | 1255.0 |
        Depths |   6035 |   5822 |    213 |   1834 |    975 |   4 | 1508.8 |
           Zot |  10363 |   9967 |    396 |   3839 |   1681 |   5 | 2072.6 |
      Ziggurat |     88 |     88 |      0 |     25 |      0 |   3 |   29.3 |
        Wizlab |    655 |    655 |      0 |    278 |      0 |   1 |  655.0 |
    Desolation |     29 |     29 |      0 |      0 |      0 |   1 |   29.0 |
      Gauntlet |    380 |    380 |      0 |     14 |      0 |   1 |  380.0 |
               +--------+--------+--------+--------+--------+-----+--------+

Top non-repeatable levels by time:
   Zot:5: 3059 daAuts
  Lair:2: 2607 daAuts
   Zot:1: 2463 daAuts
     D:9: 2445 daAuts
   Elf:3: 2195 daAuts
Spider:4: 2133 daAuts
   Zot:4: 2081 daAuts
Vaults:3: 2051 daAuts
    D:14: 2025 daAuts
Shoals:2: 1963 daAuts
    D:10: 1915 daAuts
     D:8: 1910 daAuts
 Crypt:2: 1905 daAuts
Vaults:1: 1827 daAuts
Depths:2: 1813 daAuts
